 Dungeon Crawl Stone Soup version 0.20-a0-396-gbf3f530 (webtiles) character file.

868 Geomchi the Stinger (level 8, -3/52 HPs)
             Began as an Octopode Venom Mage on Dec 31, 2016.
             Slain by a wight
             ... wielding a cursed +0 halberd
              (8 damage)
             ... on level 6 of the Dungeon.
             The game lasted 00:07:44 (6369 turns).

Geomchi the Stinger (Octopode Venom Mage)           Turns: 6369, Time: 00:07:45

Health: -3/52      AC:  1    Str: 12    XL:     8   Next: 3%
Magic:  11/11      EV: 11    Int: 20    God:
Gold:   295        SH:  3    Dex: 12    Spells: 5/13 levels left

rFire  . . .     SeeInvis +     E - +2 flail (holy)
rCold  . . .     Gourm    .     e - +0 buckler
rNeg   . . .     Faith    .     (helmet restricted)
rPois  .         Spirit   .     (no amulet)
rElec  .         Reflect  .     y - ring of see invisible
rCorr  .         Harm     .     (no ring)
MR     .....                    (no ring)
Stlth  +++.......               (no ring)
                                (no ring)
                                (no ring)
                                (no ring)
                                (no ring)

@: mighty, very slightly contaminated, hasted, heavily drained, very quick
A: almost no armour, stealthy swim, amphibious, 8 rings, constrict 8, tentacle
spike 1, camouflage 1, low mp 1, regeneration 1, gelatinous body 1
a: no special abilities


You were on level 6 of the Dungeon.
You were very hungry.

You visited 1 branch of the dungeon, and saw 6 of its levels.

You collected 295 gold pieces.

Inventory:

Hand Weapons
 d - a +0 mace
 f - a +0 dagger
 v - a +1 vampiric short sword
 E - a +2 flail of holy wrath (weapon)
Missiles
 h - 189 stones (quivered)
Armour
 e - a +0 buckler (worn)
Jewellery
 y - a ring of see invisible (left tentacle)
Wands
 C - a wand of iceblast (7/15)
Scrolls
 p - a scroll of recharging {unknown}
 q - a scroll of remove curse
 t - a scroll of enchant weapon {unknown}
 u - a scroll of enchant armour {unknown}
 A - a scroll of random uselessness {unknown}
 B - a scroll of fear {unknown}
 F - a scroll of amnesia {unknown}
 G - a scroll of identify
Potions
 c - 2 potions of haste
 i - 2 potions of cure mutation
 k - 3 potions of curing
 l - a potion of ambrosia
 o - 2 potions of lignification
 x - 4 potions of flight
 z - a potion of might
Books
 a - a Young Poisoner's Handbook

   Spells                             Type                      Level
   a - Sting                          Conjuration/Poison           1
   b - Mephitic Cloud                 Conjuration/Poison/Air       3
   c - Olgreb's Toxic Radiance        Poison                       4
   d - Alistair's Intoxication        Transmutation/Poison         5
   e - Venom Bolt                     Conjuration/Poison           5
Comestibles
 b - 4 bread rations {@e1}
 g - 2 meat rations {@e2}
 m - a beef jerky
 s - a fruit
 w - a royal jelly
 D - a slice of pizza


   Skills:
 * Level 3.0(1.2) Fighting
 - Level 2.0(0.2) Dodging
 - Level 2.6(0.9) Stealth
 - Level 3.0(1.3) Spellcasting
 + Level 5.6(3.7) Conjurations
 + Level 7.7(5.7) Poison Magic


You had 5 spell levels left.
You knew the following spells:

 Your Spells              Type           Power        Failure   Level  Hunger
a - Sting                 Conj/Pois      ###.         4%          1    ##.....
b - Mephitic Cloud        Conj/Pois/Air  ##......     28%         3    ####...
c - Olgreb's Toxic Radia  Pois           ###.....     28%         4    #####..


Dungeon Overview and Level Annotations

Branches:
Dungeon (6/15)
 Temple: D:4-7

Altars:

Annotations:
D:4 exclusion: skeleton


Innate Abilities, Weirdness & Mutations

You cannot wear most types of armour.
You are very stealthy in the water. (Stealth+)
You are amphibious.
You can wear up to eight rings at the same time.
You can use your tentacles to constrict eight enemies at once.
Your skin changes colour to match your surroundings (Stealth+).
Your rubbery body absorbs attacks. (AC +1, EV +1)
One of your tentacles bears a spike.
Your magical capacity is low. (-10% MP)
Your natural rate of healing is unusually fast.


Message History

You are too injured to fight recklessly!
You hit the wight but do no damage. You constrict the wight.
The wight barely misses you. The wight misses you.
You hit the wight.
The wight convulses.
You constrict the wight, but do no damage.
The wight hits you from afar with a halberd.
You feel drained. The wight hits you with a morningstar!
* * * LOW HITPOINT WARNING * * *
You feel drained.
* * * LOW HITPOINT WARNING * * *
You take 22 damage, and have 4/52 hp.
MASSIVE DAMAGE!!
It was a potion of might.
You feel very mighty all of a sudden.
You constrict the wight.
It was a potion of mutation.
You feel extremely strange.
One of your lower tentacles grows a sharp spike.
You feel less energetic.
You begin to heal more quickly.
You constrict the wight.
The wight hits you from afar with a halberd!
You die...

#.. ... ###.
#.# #.# ... #.#
#.# ##.. #.#
#.## ...##.#
#.. ....# #.#
#..# #.# #..#
##z##
#####.@###...#
........zzz...#
#######.###...#
...# #####
#####


You could see 3 wights.

Vanquished Creatures
  Duvessa (D:6)
  2 centaurs
  2 big kobolds (D:6)
  2 bullfrogs
  Dowan (D:6)
  2 orc priests
  An orc wizard (D:4)
  A worker ant (D:5)
  6 adders
  An ooze (D:3)
  3 worms
  2 dart slugs (D:2)
  4 leopard geckos
  8 orcs
  2 ball pythons
  6 giant cockroaches
  5 goblins
  8 hobgoblins
  9 jackals
  13 kobolds
  A quokka (D:5)
  6 bats
  A frilled lizard (D:2)
  9 rats
96 creatures vanquished.

Vanquished Creatures (others)
  4 toadstools (D:1)
4 creatures vanquished.

Grand Total: 100 creatures vanquished

Notes
Turn   | Place    | Note
-------+----------+-------------------------------------------
     0 | D:1      | Geomchi the Octopode Venom Mage began the quest for the Orb.
     0 | D:1      | Reached XP level 1. HP: 11/11 MP: 3/3
   117 | D:1      | Reached skill level 5 in Poison Magic
   186 | D:1      | Reached XP level 2. HP: 17/17 MP: 0/5
   306 | D:1      | Reached skill level 1 in Conjurations
  1006 | D:1      | Reached XP level 3. HP: 20/21 MP: 1/6
  1011 | D:1      | Learned a level 3 spell: Mephitic Cloud
  1839 | D:2      | Reached XP level 4. HP: 27/27 MP: 4/7
  2789 | D:3      | Reached XP level 5. HP: 28/31 MP: 4/8
  2795 | D:3      | Learned a level 4 spell: Olgreb's Toxic Radiance
  3060 | D:3      | Reached skill level 6 in Poison Magic
  3685 | D:3      | Reached XP level 6. HP: 35/36 MP: 2/9
  4767 | D:5      | Entered Level 5 of the Dungeon
  5059 | D:5      | Noticed an ice beast
  5417 | D:5      | Noticed a phantom
  5451 | D:6      | Found a sand-covered staircase.
  5453 | D:6      | Noticed Duvessa
  5457 | D:6      | Noticed Dowan
  5471 | D:6      | Killed Duvessa
  5471 | D:6      | Reached skill level 5 in Conjurations
  5471 | D:6      | Reached skill level 7 in Poison Magic
  5471 | D:6      | Reached XP level 7. HP: 21/41 MP: 1/11
  5641 | D:6      | Killed Dowan
  5641 | D:6      | Reached skill level 1 in Fighting
  6044 | D:6      | Reached XP level 8. HP: 31/52 MP: 1/12
  6369 | D:6      | Gained mutation: One of your tentacles bears a spike. [potion of mutation]
  6369 | D:6      | Gained mutation: Your magical capacity is low. (-10% MP) [potion of mutation]
  6369 | D:6      | Gained mutation: Your natural rate of healing is unusually fast. [potion of mutation]
  6369 | D:6      | Slain by a wight

Vault maps used:
D:1:      ldierk_walled_garden_2, minmay_cut_off
D:4:      first_bread
D:5:      serial_shops, shop
D:6:      nicolae_ossuary_entry_monument, minmay_unpleasant_kobolds,
          uniq_edmund, uniq_menkaure, uniq_duvessa, uniq_blork_the_orc

Skill      XL: |  1  2  3  4  5  6  7 |
---------------+----------------------+-----
Poison Magic   | 5 6 7 |  7.7
Conjurations   | 1 2 3 4 5 |  5.6
Spellcasting   | 3 |  3.0
Fighting       | 3 |  3.0
Dodging        | |  2.0
Stealth        | |  2.6

Action                   |  1- 3 |  4- 6 |  7- 9 || total
-------------------------+-------+-------+-------++-------
Melee: Mace              |     4 |       |       ||     4
       Dagger            |    18 |    39 |    17 ||    74
       Constrict         |     5 |     6 |     5 ||    16
       Tentacles         |     3 |    11 |     3 ||    17
       Flail             |       |       |     4 ||     4
 Cast: Sting             |    85 |   109 |    20 ||   214
       Mephitic Cloud    |       |     4 |     2 ||     6
       Olgreb's Toxic Ra |       |     4 |     2 ||     6
  Use: Scroll            |       |     8 |     1 ||     9
       Potion            |       |       |     5 ||     5
 Stab: Confused          |       |     1 |       ||     1
  Eat: Chunk             |     4 |    14 |     2 ||    20
Armor: Skin              |     7 |     2 |       ||     9
Dodge: Dodged            |    29 |    30 |    23 ||    82
Block: Buckler           |       |     3 |     4 ||     7
